 Dungeon Crawl Stone Soup version 0.31-a0-431-g88bdf31460 (webtiles) character file.

Game seed: 12535567471297134402

110 floatRand the Ruffian (level 4, -2/35 HPs)
             Began as a Draconian Shapeshifter on July 31, 2023.
             Slain by an orc
             ... wielding a +0 short sword
              (3 damage)
             ... on level 3 of the Dungeon.
             The game lasted 00:01:25 (2023 turns).

floatRand the Ruffian (Draconian Shapeshifter)      Turns: 2023, Time: 00:01:25

Health: -2/35      AC:  5    Str: 23    XL:     4   Next: 61%
Magic:  4/4        EV: 12    Int:  9    God:
Gold:   6          SH:  0    Dex: 13    Spells: 3/3 levels left

rFire   . .          .
                       - Unarmed
rCold   . . .        (no shield)
rNeg    . . .        (body armour unavailable)
rPois   .            (helmet currently unavailable)
rElec   .            (cloak currently unavailable)
rCorr   .            (gloves currently unavailable)
SInv    .            (boots currently unavailable)
Will    .....        (no amulet)
Stlth   +            e - +6 ring of strength
HPRegen 0.25/turn    (no ring)
MPRegen 0.09/turn

%: no passive effects
@: confused, beast-form
A: beast (slay +2), AC +5, unfitting armour, cold-blooded
a: Begin Untransformation


You were on level 3 of the Dungeon.
You were a hulking beast.
You visited 1 branch of the dungeon, and saw 3 of its levels.

You collected 26 gold pieces.
You spent 20 gold pieces at shops.

Inventory:

Jewellery
 e - a +6 ring of strength (left hand)
 j - a ring of fire
Talismans
 b - a beast talisman (active)
Scrolls
 c - 2 scrolls of immolation {unknown}
 h - a scroll of teleportation {unknown}
 k - a scroll of identify {unknown}
Potions
 a - a potion of lignification
 d - a potion of invisibility {unknown}
 f - 3 potions of mutation {unknown}
 g - a potion of heal wounds {unknown}
 i - a potion of degeneration {unknown}


   Skills:
 - Level 1.1 Fighting
 - Level 1.7 Dodging
 * Level 4.7 Unarmed Combat
 + Level 3.7 Shapeshifting


You had 3 spell levels left.
You didn't know any spells.
Your spell library contained the following spells:

 Spells                   Type           Power      Damage    Failure   Level
 Scorch                   Fire           0%         2d5       52%         2
 Flame Wave               Conj/Fire      0%         2d4       99%         4
 Summon Cactus Giant      Summ           0%         N/A       100%        6


Dungeon Overview and Level Annotations

Branches:
Dungeon (3/15)

Altars:

Shops:
D:2 [:*   D:3 [

Annotations:
D:3 1 transporter


Innate Abilities, Weirdness & Mutations

You are a hulking beast.
Your limbs bulge with bestial killing power. (Slay +2)
Your plain brown scales are hard. (AC +5)
You cannot fit into any form of body armour.
You are cold-blooded and may be slowed by cold attacks.


Message History

The orc hits you with a +0 war axe.
The orc priest hits you but does no damage.
The orc wizard hits you with a +0 dagger.
The orc closely misses you.
You hit the orc priest.
The orc priest is severely wounded.
The orc closely misses you.
The orc wizard hits you but does no damage.
The orc priest hits you with a +0 hand axe.
The orc hits you with a +0 short sword.
* * * LOW HITPOINT WARNING * * *
You hit the orc priest. You tail-slap the orc priest.
You kill the orc priest!
The orc closely misses you.
The orc wizard hits you with a +0 dagger.
* * * LOW HITPOINT WARNING * * *
The orc closely misses you.
Unknown command.
Unknown command.
The orc wizard hits you but does no damage.
The orc throws a boomerang.
The boomerang barely misses you.
Things that are here:
a +0 hand axe; a +0 leather armour; 3 gold pieces The orc wizard casts a spell at you.
You are confused.
There is an open door here.
Unknown command.
The orc attacks as you move away! The orc barely misses you.
Unknown command.
You are too confused!
You hit the orc.
The orc is moderately wounded.
Unknown command.
You're too confused to move!
The orc hits you with a +0 war axe!
* * * LOW HITPOINT WARNING * * *
The orc barely misses you.
Unknown command.
You bump into the rock wall.
The orc barely misses you. The orc hits you with a +0 short sword.
You die...

+...#.#.#### #...# #.#
#...# #.# ..... #.#
#######>####
#########..)..#
..........###.#
..........###.######## .
..........+..oh....... ..
..........###o########.#.
..........##.............
..........##.o.o)........
..........##............#
................$..?.$..+
................#
......##.......$.# ......
#.........#


You could see an orc wizard and 2 orcs.

Vanquished Creatures
  An orc priest (D:3)
  3 adders
  A worm (D:2)
  2 dart slugs
  4 ball pythons
  3 bats
  4 endoplasms
  4 giant cockroaches
  2 goblins (D:2)
  6 hobgoblins
  3 jackals (D:1)
  2 kobolds
  2 quokkas
  A frilled lizard (D:2)
  4 rats
42 creatures vanquished.

Notes
Turn   | Place    | Note
-------+----------+-------------------------------------------
     0 | D:1      | floatRand the Draconian Shapeshifter began the quest for
                  | the Orb.
     0 | D:1      | Reached XP level 1. HP: 16/16 MP: 1/1
   396 | D:1      | Reached XP level 2. HP: 23/23 MP: 2/2
  1042 | D:2      | Reached XP level 3. HP: 28/28 MP: 3/3
  1151 | D:2      | Found Oxupoc's Book Emporium.
  1329 | D:2      | Reached skill level 4 in Unarmed Combat
  1461 | D:2      | Found Cymminim's Antique Armour Emporium.
  1646 | D:2      | Found Serets's Assorted Antiques.
  1654 | D:2      | Bought a scroll labelled ETIKIRHYNK for 20 gold pieces
  1904 | D:3      | Found a transporter.
  1904 | D:3      | Found Wyitz's Armour Emporium.
  1975 | D:3      | Reached XP level 4. HP: 32/35 MP: 4/4
  2022 | D:3      | HP: 1/35 [orc/+0 war axe (9)]
  2023 | D:3      | Slain by an orc

Illustrated notes

Levels and vault maps discovered:
D:1:      sevenhm_arrival_forest_fort_small_4, layout_loops_corners
D:2:      layout_loops_corners, serial_aquarium, aquarium_bridge_square
          [aquarium_subvault_bridge, aquarium_subvault_balcony,
          aquarium_subvault_bridge, aquarium_subvault_wall], aquarium_window_1,
          aquarium_window_corner, aquarium_view_2e, aquarium_view_4,
          aquarium_pool_2, serial_shops, shop, nicolae_shop_tiny_waterfront,
          nicolae_diamond_shop, st_stairs_3, grunt_decor_mini_mirrors,
          kennysheep_generic_room_5
D:3:      layout_basic, serial_shops, shop, nicolae_shop_crystal, shop,
          nicolae_shop_statue_plus, nicolae_shop_drivethru

Skill      XL: |  1  2  3 |
---------------+----------+-----
Unarmed Combat | 4 |  4.7
Fighting       | |  1.1
Dodging        | |  1.7
Shapeshifting  | |  3.7

Action                     |  1- 3 |  4- 6 || total
---------------------------+-------+-------++-------
  Melee: Unarmed           |    94 |    15 ||   109
         Tailslap          |     7 |     2 ||     9
   Stab: Sleeping          |     4 |       ||     4
 Armour: Skin              |    24 |     6 ||    30
  Dodge: Dodged            |    53 |    17 ||    70

Table legend: (Time is in decaauts)
 A = Elapsed time spent in this place.
 B = Non-inter-level travel time spent in this place.
 C = Inter-level travel time spent in this place.
 D = Time resting spent in this place.
 E = Time spent auto-exploring this place.
 F = Levels seen in this place.
 G = Mean time per level.
                   A        B        C        D        E       F      G
               +--------+--------+--------+--------+--------+-----+--------+
         Total |   2022 |   1932 |     90 |      0 |   1627 |   3 |  674.0 |
       Dungeon |   2022 |   1932 |     90 |      0 |   1627 |   3 |  674.0 |
               +--------+--------+--------+--------+--------+-----+--------+

Top non-repeatable levels by time:
     D:2: 967 daAuts
     D:1: 909 daAuts
     D:3: 145 daAuts
